 Dungeon Crawl Stone Soup version 0.17.0 (webtiles) character file.

231 Galdon the Grave Robber (level 5, -2/44 HPs)
             Began as a Deep Dwarf Necromancer on Nov 7, 2015.
             Slain by a phantom (3 damage)
             ... on level 4 of the Dungeon.
             The game lasted 00:26:32 (3370 turns).

Galdon the Grave Robber (Deep Dwarf Necromancer)    Turns: 3370, Time: 00:26:32

Health: -2/44      AC:  4    Str: 13    XL:     5   Next: 73%
Magic:  10/10      EV: 12    Int: 15    God:
Gold:   195        SH:  3    Dex: 13    Spells: 4 memorised, 1 level left

rFire  + . .     SeeInvis .     y - +0 trident (freeze)
rCold  . . .     Clarity  .     o - +2 robe {rF+}
rNeg   + . .     SustAt   .     r - +0 buckler
rPois  .         Gourm    .     (no helmet)
rElec  .         Spirit   .     (no cloak)
rCorr  .         Warding  .     (no gloves)
rMut   .         Stasis   .     (no boots)
MR     .....                    (no amulet)
Stlth  +++.......               u - ring of positive energy
                                g - ring of stealth

@: non-regenerating, not resistant to hostile enchantments, fairly stealthy
A: damage resistance, recharge devices, sense surroundings 1, slow regeneration
3
a: Device Recharging


You were on level 4 of the Dungeon.
You were not hungry.

You visited 1 branch of the dungeon, and saw 4 of its levels.

You collected 195 gold pieces.

Inventory:

Hand Weapons
 e - a +0 spear
 y - a +0 trident of freezing (weapon)
Armour
 o - a +2 robe of fire resistance (worn)
 r - a +0 buckler (worn)
Jewellery
 g - a ring of stealth (left hand)
 u - a ring of positive energy (right hand)
Wands
 c - a wand of heal wounds (5)
Scrolls
 h - 2 scrolls of remove curse
 i - a scroll of fear {unknown}
 j - 3 scrolls of identify
 k - a scroll of teleportation
 n - a scroll of amnesia {unknown}
 s - a scroll of enchant armour {unknown}
 v - a scroll of noise {unknown}
 x - a scroll of fog {unknown}
Potions
 a - a potion of heal wounds
 f - a potion of magic
 l - a potion of might {unknown}
 m - 2 potions of curing
 w - a potion of cancellation {unknown}
Books
 b - a book of Necromancy

   Spells                             Type                      Level
   a - Pain                           Necromancy                   1
   b - Animate Skeleton               Necromancy                   1
   c - Vampiric Draining              Necromancy                   3
   d - Regeneration                   Charms/Necromancy            3
   e - Animate Dead                   Necromancy                   4
   f - Control Undead                 Necromancy                   4
Comestibles
 d - a meat ration
 p - a slice of pizza
 q - a beef jerky
 t - 2 chunks of flesh
 z - a bread ration


   Skills:
 * Level 1.4 Fighting
 * Level 1.0 Polearms
 + Level 2.4 Dodging
 + Level 2.4 Stealth
 * Level 0.2 Shields
 * Level 3.3 Spellcasting
 * Level 5.7 Necromancy
 * Level 1.5 Evocations


You had one spell level left.
You knew the following spells:

 Your Spells              Type           Power        Failure   Level  Hunger
a - Pain                  Necr           ###.         2%          1    None
b - Animate Skeleton      Necr           N/A          2%          1    None
c - Vampiric Draining     Necr           ###.......   10%         3    ###....
d - Control Undead        Necr           ###.......   30%         4    ####...


Dungeon Overview and Level Annotations

Branches:
Dungeon (4/15)
 Temple: D:4-7

Altars:
Elyvilon
Trog


Innate Abilities, Weirdness & Mutations

You are resistant to damage.
You can recharge devices by infusing magical energy.
You passively map a small area around you.
You do not regenerate naturally.


Message History

The phantom hits you.
* * * LOW HITPOINT WARNING * * *
You miss the phantom.
The phantom is severely damaged.
The phantom hits you but does no damage.
You hit the phantom.
The phantom is severely damaged.
The phantom misses you. The phantom closely misses you.
You hit the phantom but do no damage.
The phantom is severely damaged.
The phantom hits you but does no damage.
Your shield prevents you from hitting the phantom.
The phantom is severely damaged.
The phantom hits you.
You hit the phantom but do no damage.
The phantom is severely damaged.
The phantom hits you!
* * * LOW HITPOINT WARNING * * *
The phantom hits you.
You die...

* ##..# ** ..
#...### * *
#..#####.....#
*#.......#.#.###
#.#
#..........#.###...
* #..#.#........#.
##...............,
, ##...........#.#
* #....@W.........
* ##............# *
** #............# *
, * #............#
,* ##...........#
#...........# *
##..........#
#.........## ** ,
##....#.### ##..##


You could see a phantom.

Vanquished Creatures
  An iguana (D:4)
  Jessica (D:2)
  Terence (D:2)
  2 worker ants
  An adder (D:3)
  An ooze (D:1)
  3 worms
  3 giant geckos
  3 orcs (D:3)
  7 bats
  2 giant cockroaches (D:1)
  9 hobgoblins
  6 jackals
  10 kobolds
  2 quokkas
  A ball python (D:1)
  2 giant newts (D:1)
  7 goblins
  9 rats
71 creatures vanquished.

Vanquished Creatures (collateral kills)
  An adder (D:2)
  3 bats
  A jackal (D:1)
  2 rats (D:1)
7 creatures vanquished.

Grand Total: 78 creatures vanquished

Notes
Turn   | Place    | Note
--------------------------------------------------------------
     0 | D:1      | Galdon the Deep Dwarf Necromancer began the quest for the Orb.
     0 | D:1      | Reached XP level 1. HP: 15/15 MP: 3/3
     2 | D:1      | Learned a level 1 spell: Animate Skeleton
   106 | D:1      | Reached XP level 2. HP: 16/24 MP: 1/4
   416 | D:1      | Reached XP level 3. HP: 20/30 MP: 0/6
   422 | D:1      | Learned a level 3 spell: Vampiric Draining
   776 | D:1      | Reached skill level 5 in Necromancy
  1093 | D:2      | Noticed Terence
  1098 | D:2      | Killed Terence
  1098 | D:2      | Reached XP level 4. HP: 37/37 MP: 0/7
  1254 | D:2      | Noticed Jessica
  1258 | D:2      | Killed Jessica
  1258 | D:2      | Reached skill level 1 in Polearms
  1340 | D:2      | Found a faded altar to an unknown god.
  1434 | D:2      | Became a worshipper of Elyvilon the Healer
  1434 | D:2      | Reached * piety under Elyvilon
  1434 | D:2      | Fell from the grace of Elyvilon
  1563 | D:2      | Found a bloodstained altar of Trog.
  1703 | D:2      | Reached skill level 1 in Fighting
  1868 | D:2      | Learned a level 4 spell: Control Undead
  2130 | D:3      | Reached XP level 5. HP: 18/44 MP: 2/9
  2551 | D:3      | Reached skill level 1 in Evocations
  3340 | D:4      | Noticed a phantom
  3370 | D:4      | HP: 1/44 [phantom (4)]
  3370 | D:4      | Slain by a phantom

Action                   |  1- 3 |  4- 6 || total
-------------------------+-------+-------++-------
Melee: Unarmed           |    22 |       ||    22
       Spear             |    54 |    66 ||   120
       Trident           |       |    24 ||    24
 Cast: Pain              |    38 |    35 ||    73
       Animate Skeleton  |    16 |    12 ||    28
       Vampiric Draining |     6 |    24 ||    30
Invok: Renounce Religion |       |     1 ||     1
  Use: Scroll            |     1 |     2 ||     3
       Potion            |     1 |     2 ||     3
 Stab: Sleeping          |     1 |       ||     1
  Eat: Chunk             |     3 |     6 ||     9
       Bread ration      |       |     1 ||     1
